 Dungeon Crawl Stone Soup version 0.23-a0-490-ge7ea69a (webtiles) character file.

6148 FrankyJ the Fighter (level 10, -1/85 HPs)
             Began as a Demonspawn Gladiator on Dec 3, 2018.
             Was a Priest of Okawaru.
             Slain by a two-headed ogre
             ... wielding a +0 giant club
              (8 damage)
             ... on level 8 of the Dungeon.
             The game lasted 00:27:06 (9570 turns).

FrankyJ the Fighter (Demonspawn Gladiator)          Turns: 9570, Time: 00:27:06

Health: -1/85      AC:  7    Str: 15    XL:     10   Next: 59%
Magic:  16/16      EV: 17    Int: 10    God:    Okawaru [***...]
Gold:   367        SH:  0    Dex: 17    Spells: 9/9 levels left

rFire    . . .     SeeInvis .   v - +4 scythe (venom)
rCold    . . .     Gourm    .   (shield currently unavailable)
rNeg     . . .     Faith    .   b - +0 leather armour
rPois    +         Spirit   .   o - +1 helmet
rElec    .         Reflect  .   (no cloak)
rCorr    .         Harm     .   (no gloves)
MR       .....                  (no boots)
Stlth    +.........             (no amulet)
HPRegen  0.24/turn              r - ring of poison resistance
MPRegen  0.15/turn              (no ring)

@: flying
A: talons 1, thin metallic scales 1, powered by death 2, rot immunity
a: Heroism, Renounce Religion


You were on level 8 of the Dungeon.
You worshipped Okawaru.
Okawaru was most pleased with you.
You were not hungry.

You visited 2 branches of the dungeon, and saw 9 of its levels.

You collected 457 gold pieces.
You spent 90 gold pieces at shops.

Inventory:

Hand Weapons
 a - a +0 trident
 j - a +0 spear of venom
 v - a +4 scythe of venom (weapon)
Missiles
 d - 7 throwing nets (quivered)
 i - 2 tomahawks
 s - 26 poisoned needles
Armour
 b - a +0 leather armour (worn)
 o - a +1 helmet (worn)
 A - a +1 helmet
Jewellery
 r - a ring of poison resistance (left hand)
 w - an uncursed ring of poison resistance
 C - a +3 ring of evasion {unknown}
Wands
 c - a wand of scattershot (3)
 g - a wand of digging (2)
 h - a wand of flame (16)
 B - a wand of disintegration (10)
 D - a wand of acid (8)
Scrolls
 e - 3 scrolls of identify
 q - a scroll of enchant weapon
 x - a scroll of enchant armour {unknown}
 E - 2 scrolls of remove curse
Potions
 k - 2 potions of brilliance {unknown}
 l - 2 potions of resistance
 m - 3 potions of flight
 n - 3 potions of might {unknown}
 t - a potion of curing {unknown}
 z - 2 potions of invisibility {unknown}
Comestibles
 f - 16 rations


   Skills:
 - Level 10.1 Fighting
 - Level 6.0 Polearms
 - Level 3.1 Throwing
 + Level 8.1 Dodging
 - Level 9.1 Invocations


You had 9 spell levels left.
You didn't know any spells.
Your spell library was empty.

Dungeon Overview and Level Annotations

Branches:
Dungeon (8/15)             Temple (1/1) D:6
   Lair: D:8-11

Altars:
Ashenzari
Cheibriados
Dithmenos
Elyvilon
Fedhas
Gozag
Hepliaklqana
Kikubaaqudgha
Makhleb
Nemelex Xobeh
Okawaru
Qazlal
Ru
Sif Muna
Trog
Uskayaw
Vehumet
Wu Jian
Xom
Yredelemnul
Zin
The Shining One

Shops:
D:5 [   D:7 ?


Innate Abilities, Weirdness & Mutations

You have sharp toenails.
You are partially covered in thin metallic scales. (AC +2)
You regenerate health from kills.
You are immune to rotting.


Message History

You hit the two-headed ogre.
You claw the two-headed ogre, but do no damage.
The two-headed ogre is moderately wounded.
The ice beast barely misses you. The two-headed ogre misses you.
The two-headed ogre closely misses you.
Okay, then.
It was a potion of flight.
You feel very buoyant.
You fly up into the air.
The ice beast hits you but does no damage.
The two-headed ogre hits you with a +0 giant club!
* * * LOW HITPOINT WARNING * * *
The two-headed ogre misses you.
You hit the two-headed ogre.
The two-headed ogre is poisoned.
Your kick misses the two-headed ogre.
The two-headed ogre is moderately wounded.
The ice beast hits you but does no damage.
The two-headed ogre closely misses you.
The two-headed ogre hits you with a +0 giant spiked club!
You die...

....# #.#<..##.##. ###.# #.#
#.##.###..#. ##+##
#.#.###.#......... #...#
#.#........####.#. #...#
#.#####........... #...# .# #.#
####........ #...# #.# #.#
#...#.###.. #...# #.#
.#Y######'###.# #.. ##...# #.#
.#@#........#.# ##. .....#
####.##.#O#........#.# #.
#....###....##.#5#........#.# #.
.......'.......#.#........#.# #.
###'####.5.....#.#........'.# #>
......##.......#.#........######.
.≈≈≈≈.##.......#.###+##'#........
.≈≈≈≈.##.......#)# #.##.#.######.
.≈≈≈≈.##...###O#.# #.##.#.#


You could see a two-headed ogre, an ice beast and a shadow imp.

Vanquished Creatures
  Harold (D:7)
  A two-headed ogre (D:8)
  Pikel (D:7)
  A troll (D:7)
  Sigmund (D:5)
  A human (D:7)
  4 hogs (D:7)
  Edmund (D:4)
  A water moccasin (D:7)
  Duvessa (D:4)
  3 ice beasts
  2 orc warriors (D:6)
  2 slaves (D:7)
  6 ogres
  4 bullfrogs
  Dowan (D:4)
  A scorpion (D:6)
  4 killer bees (D:7)
  3 wights (D:6)
  4 crimson imps (D:6)
  A bullfrog zombie (D:5)
  3 jellies
  6 orc priests
  5 hounds
  2 bullfrog skeletons
  2 iguanas (D:8)
  Ijyb (D:5)
  7 orc wizards
  5 worker ants
  A killer bee zombie (D:8)
  A howler monkey zombie (D:8)
  Robin (D:3)
  3 gnolls (D:6)
  8 adders
  3 shadow imps
  2 oozes
  An adder skeleton (D:8)
  An adder zombie (D:6)
  2 worms
  3 dart slugs
  5 leopard geckos
  17 orcs
  8 giant cockroaches
  20 goblins
  8 hobgoblins
  17 jackals
  6 kobolds
  5 quokkas
  2 ball pythons
  6 bats
  2 frilled lizards
  9 rats
206 creatures vanquished.

Vanquished Creatures (others)
  A bullfrog zombie (D:7)
1 creature vanquished.

Grand Total: 207 creatures vanquished

Notes
Turn   | Place    | Note
-------+----------+-------------------------------------------
     0 | D:1      | FrankyJ the Demonspawn Gladiator began the quest for the
                  | Orb.
     0 | D:1      | Reached XP level 1. HP: 16/16 MP: 1/1
   101 | D:1      | Gained mutation: You regenerate a little health from kills.
                  | [demonic ancestry]
   101 | D:1      | Reached XP level 2. HP: 19/22 MP: 2/2
   234 | D:1      | Gained mutation: You are partially covered in thin metallic
                  | scales. (AC +2) [demonic ancestry]
   234 | D:1      | Reached XP level 3. HP: 27/27 MP: 3/3
  1388 | D:3      | Reached XP level 4. HP: 24/33 MP: 4/4
  2309 | D:3      | Gained mutation: You regenerate health from kills. [demonic
                  | ancestry]
  2309 | D:3      | Reached XP level 5. HP: 39/39 MP: 5/5
  2311 | D:3      | Found a sparkling altar of Nemelex Xobeh.
  2858 | D:4      | Noticed an ogre
  2867 | D:4      | Killed an ogre
  2867 | D:4      | Reached skill level 3 in Fighting
  2914 | D:4      | Reached skill level 4 in Fighting
  2980 | D:4      | Noticed Duvessa
  2987 | D:4      | Noticed Dowan
  2997 | D:4      | Killed Duvessa
  2997 | D:4      | Reached XP level 6. HP: 26/50 MP: 6/6
  3013 | D:4      | Killed Dowan
  3013 | D:4      | Reached skill level 5 in Fighting
  3033 | D:4      | Noticed Robin
  3050 | D:3      | Killed Robin
  3130 | D:4      | Noticed Edmund
  3144 | D:4      | Killed Edmund
  3144 | D:4      | Reached skill level 6 in Fighting
  3144 | D:4      | Gained mutation: You are immune to rotting. [demonic
                  | ancestry]
  3144 | D:4      | Reached XP level 7. HP: 39/58 MP: 7/7
  3873 | D:5      | Entered Level 5 of the Dungeon
  4132 | D:5      | Reached skill level 5 in Dodging
  4904 | D:5      | Found Qanocuw's Armour Emporium.
  5009 | D:5      | Noticed Sigmund
  5020 | D:5      | Killed Sigmund
  5020 | D:5      | Gained mutation: You have sharp toenails. [demonic
                  | ancestry]
  5020 | D:5      | Reached XP level 8. HP: 28/64 MP: 8/8
  5398 | D:5      | Noticed Ijyb
  5408 | D:5      | Killed Ijyb
  5782 | D:6      | Found a basalt altar of Yredelemnul.
  6134 | D:6      | Reached skill level 5 in Polearms
  6436 | D:6      | Found a staircase to the Ecumenical Temple.
  6445 | Temple   | Entered the Ecumenical Temple
  6685 | Temple   | Became a worshipper of Warmaster Okawaru
  6741 | D:6      | Reached XP level 9. HP: 54/69 MP: 9/9
  6745 | D:6      | Reached skill level 1 in Invocations
  7237 | D:7      | Noticed Pikel
  7258 | D:7      | Killed Pikel
  7258 | D:7      | Reached * piety under Okawaru
  7258 | D:7      | Reached skill level 5 in Invocations
  7349 | D:7      | Noticed Harold
  7350 | D:7      | Noticed a troll
  7360 | D:7      | Killed a troll
  7360 | D:7      | Reached skill level 7 in Fighting
  7364 | D:7      | Killed Harold
  7364 | D:7      | Reached ** piety under Okawaru
  7428 | D:7      | Found Atixas Kiawe's Magic Scroll Emporium.
  7436 | D:7      | Bought a scroll of blinking for 90 gold pieces
  7473 | D:7      | Reached skill level 8 in Fighting
  7480 | D:7      | Reached XP level 10. HP: 40/80 MP: 15/15
  7828 | D:7      | Reached *** piety under Okawaru
  8781 | D:8      | Reached skill level 9 in Fighting
  9092 | D:8      | Noticed a two-headed ogre
  9105 | D:8      | Killed a two-headed ogre
  9105 | D:8      | Reached skill level 10 in Fighting
  9469 | D:8      | Noticed a two-headed ogre
  9483 | D:8      | HP: 1/85 [two-headed ogre/+0 giant club (11)]
  9570 | D:8      | Slain by a two-headed ogre

Vault maps used:
D:1:      mrwooster_arrival_statue_3, serial_park_tiny_1, st_stairs_11
D:2:      first_ration, nrook_loot_triangle
D:3:      minmay_chambers_of_twos, nemelex_xobeh_ov_fountains_minmay
D:4:      uniq_duvessa, uniq_edmund, uniq_robin
D:5:      serial_shops, shop_coins, uniq_sigmund, uniq_ijyb
D:6:      minmay_temple_entry_gardened_gates, basic_altar
D:7:      serial_shops, shop, grunt_livestock, uniq_harold, uniq_pikel
D:8:      serial_bayou_ford_a, kennysheep_nondescript, nrook_pool_corridor
Temple:   nicolae_temple_the_god_donut

Skill      XL: |  1  2  3  4  5  6  7  8  9 10 |
---------------+-------------------------------+-----
Throwing       | 2 3 |  3.1
Dodging        | 3 4 6 8 |  8.1
Polearms       | 3 5 6 |  6.0
Fighting       | 4 6 8 10 | 10.1
Invocations    | 7 9 |  9.1

Action                   |  1- 3 |  4- 6 |  7- 9 | 10-12 || total
-------------------------+-------+-------+-------+-------++-------
Melee: Trident           |    68 |       |       |       ||    68
       Spear             |    56 |   201 |   126 |       ||   383
       Scythe            |       |       |   165 |   125 ||   290
       Kick              |       |       |    36 |    25 ||    61
Evoke: Wand              |       |       |     1 |       ||     1
  Use: Scroll            |       |     4 |     7 |     1 ||    12
       Potion            |       |     1 |     2 |     2 ||     5
 Stab: Sleeping          |     2 |     3 |     6 |       ||    11
  Eat: Chunk             |     2 |     5 |    11 |     7 ||    25
       Ration            |       |       |     1 |       ||     1
Armor: Leather armour    |    23 |    60 |    70 |    50 ||   203
Dodge: Dodged            |    78 |   144 |   261 |   185 ||   668

Table legend:
 A = Non-vault XP
 B = Vault XP
 C = Vault XP percentage of total XP
 D = Non-vault monster count
 E = Vault monster count
 F = Vault count percentage of total count
                 A         B        C        D         E       F
            +---------+---------+-------+---------+---------+-------
      Total |    5483 |    3300 |  37.6 |     168 |      36 |  17.6
            +---------+---------+-------+---------+---------+-------
        D:1 |      43 |       8 |  15.7 |      22 |       4 |  15.4
        D:2 |      47 |       0 |   0.0 |      13 |       0 |   0.0
        D:3 |     106 |      35 |  24.8 |      27 |      10 |  27.0
        D:4 |     135 |     396 |  74.6 |       4 |      13 |  76.5
        D:5 |     592 |     267 |  31.1 |      13 |       2 |  13.3
        D:6 |    1661 |       0 |   0.0 |      40 |       0 |   0.0
        D:7 |    1287 |    2594 |  66.8 |      34 |       7 |  17.1
        D:8 |    1612 |       0 |   0.0 |      15 |       0 |   0.0
            +---------+---------+-------+---------+---------+-------
